 Dungeon Crawl Stone Soup version 0.24.0-123-gd5b16e6ec5 (webtiles) character file.

Game seed: 4334659688095936178, levelgen mode: deterministic

10560 McKennaii the Destroyer (level 11, -2/81 HPs)
             Began as a Yellow Draconian Conjurer on Jan 19, 2020.
             Was a Believer of Sif Muna.
             Slain by a blink frog (16 damage)
             ... on level 8 of the Dungeon.
             The game lasted 00:39:15 (16323 turns).

McKennaii the Destroyer (DrCj)                     Turns: 16323, Time: 00:39:16

Health: -2/81      AC:  9    Str: 11    XL:     11   Next: 37%
Magic:  35/35      EV: 13    Int: 23    God:    Sif Muna [**....]
Gold:   739        SH:  2    Dex: 12    Spells: 20/32 levels left

rFire    . . .     SeeInvis .   d - staff of air
rCold    . . .     Gourm    .   z - -3 buckler "Wynir" {+Inv Regen+}
rNeg     . . .     Faith    .   (armour unavailable)
rPois    .         Spirit   .   (helmet restricted)
rElec    +         Reflect  .   u - +0 cloak
rCorr    +         Harm     .   p - +0 pair of gloves
MR       .....                  (no boots)
Stlth    ++........             m - amulet of rage
HPRegen  0.63/turn              v - +5 ring of intelligence
MPRegen  0.24/turn              c - ring of magical power

@: no status effects
A: spit acid, unfitting armour, cold-blooded, acid resistance, AC +7
a: Breathe Acid, Channel Magic, Renounce Religion, Evoke Berserk Rage, Evoke
Invisibility


You were on level 8 of the Dungeon.
You worshipped Sif Muna.
Sif Muna was pleased with you.
You were not hungry.

You visited 3 branches of the dungeon, and saw 13 of its levels.

You collected 875 gold pieces.
You spent 136 gold pieces at shops.

Inventory:

Hand Weapons
 x - a +4 trident of venom
Armour
 p - a +0 pair of gloves (worn)
 r - a +2 shield
 u - a +0 cloak (worn)
 z - the -3 buckler "Wynir" (worn) {+Inv Regen+}
   (You found it on level 7 of the Dungeon)

   It lets you turn invisible.
   It increases your rate of regeneration.
Magical Staves
 d - an uncursed staff of air (weapon)
Jewellery
 c - a ring of magical power (right hand)
 m - an amulet of rage (around neck)
 v - a +5 ring of intelligence (left hand)
 w - an uncursed ring of flight
 F - an uncursed ring of positive energy
Wands
 l - a wand of disintegration (8)
 y - a wand of polymorph (4)
 B - a wand of paralysis (11)
 C - a wand of acid (12)
 E - a wand of random effects (36)
 H - a wand of digging (4)
 J - a wand of flame (23)
Scrolls
 e - 3 scrolls of teleportation
 f - 2 scrolls of identify
 h - a scroll of enchant armour {unknown}
 o - 2 scrolls of noise {unknown}
 s - a scroll of blinking {unknown}
 t - 2 scrolls of remove curse
 I - a scroll of torment {unknown}
 K - 3 scrolls of amnesia
 L - a scroll of silence {unknown}
Potions
 a - 3 potions of haste
 g - a potion of might
 i - a potion of resistance
 j - 4 potions of heal wounds
 k - 5 potions of curing
 n - 3 potions of agility
 q - 4 potions of degeneration {unknown}
 A - 3 potions of mutation {unknown}
 D - 2 potions of brilliance {unknown}
 G - a potion of ambrosia {unknown}
 M - a potion of lignification {unknown}
Comestibles
 b - 23 rations
 N - 2 chunks of flesh


   Skills:
 + Level 2.6 Fighting
 + Level 4.0 Dodging
 + Level 3.5 Stealth
 - Level 4.0 Shields
 * Level 11.2 Spellcasting
 * Level 11.4 Conjurations
 * Level 2.5 Translocations


You had 20 spell levels left.
You knew the following spells:

 Your Spells              Type           Power        Failure   Level  Hunger
a - Magic Dart            Conj           ####         1%          1    None
b - Force Lance           Conj/Tloc      #####...     2%          4    None
c - Iskenderun's Mystic   Conj           ######..     1%          4    None
d - Gell's Gravitas       Tloc           ###.......   5%          3    None

Your spell library contained the following spells:

 Spells                   Type           Power        Failure   Level  Hunger
 Searing Ray              Conj           ######       1%          2    None
 Conjure Flame            Conj/Fire      #####...     1%          3    None
 Dazzling Spray           Conj/Hex       #####.       1%          3    None
 Mephitic Cloud           Conj/Pois/Air  #####...     3%          3    None
 Confusing Touch          Hex            ##....       4%          1    None
 Fulminant Prism          Conj/Hex       #####.....   4%          4    None
 Poisonous Vapours        Pois/Air       ###...       8%          2    None
 Confuse                  Hex            ##......     16%         3    None
 Petrify                  Tmut/Erth      ##......     45%         4    None
 Metabolic Englaciation   Hex/Ice        ##........   80%         5    ####...
 Yara's Violent Unravell  Hex/Tmut       ##........   80%         5    ####...
 Freezing Cloud           Conj/Ice/Air   #####.....   85%         6    #####..
 Ring of Flames           Chrm/Fire      ##........   100%        7    #######


Dungeon Overview and Level Annotations

Branches:
Dungeon (11/15)            Temple (1/1) D:7            Lair (1/6) D:8
    Orc (0/2) D:9

Altars:
Ashenzari
Cheibriados
Dithmenos
Elyvilon
Fedhas
Gozag
Hepliaklqana
Kikubaaqudgha
Makhleb
Nemelex Xobeh
Okawaru
Qazlal
Ru
Sif Muna
Trog
Uskayaw
Vehumet
Wu Jian
Xom
Yredelemnul
Zin
The Shining One
Beogh

Shops:
D:4 (   D:6 (   D:10 *

Annotations:
D:9 3 runed translucent doors, FluffierThanThou's ghost, novice MiFi
D:11 3 runed translucent doors, Sonja


Innate Abilities, Weirdness & Mutations

You can spit globs of acid.
Your golden yellow scales are hard. (AC +7)
You cannot fit into any form of body armour.
You are cold-blooded and may be slowed by cold attacks.
You are resistant to acid. (rCorr)


Message History

The blink frog hits you!
* * * LOW HITPOINT WARNING * * *
The blink frog hits you.
* * * LOW HITPOINT WARNING * * *
The blink frog completely misses you. The crocodile misses you.
The blink frog hits you!
* * * LOW HITPOINT WARNING * * *
The blink frog blinks!
You climb upwards.
Welcome back to the Dungeon!
There is a staircase to the Lair, spattered with blood here.
Unknown command.
Unknown command.
Unknown command.
Okay, then.
You feel much better. The blink frog hits you!
* * * LOW HITPOINT WARNING * * *
The blink frog blinks!
The blink frog hits you but does no damage.
The blink frog hits you!
You die...

###.######## ####.....
#....#.....### #........
#.##..P.....P## #........
#.#P.........P###........
#......♣÷.......#........
#.......†..P..P..<.......
#...P♣.P÷÷..P..P..##.....
#.....(..t...PP...##.....
#♣....PF@F.♣.PP...##.....
#...PP.F.PP.P..P..#######
#....PP♣.PP.......# #...
##....PPP.........####'##
#......♣....(...........
##.P.......P...#..÷÷....
##.......P...##........
###P.P..######........
####### #########


You could see 3 blink frogs and a crocodile.

Vanquished Creatures
  2 two-headed ogres (D:9)
  A centaur zombie (D:11)
  A spiny frog (Lair:1)
  A troll (D:9)
  4 blink frogs (D:8)
  A hippogriff (D:9)
  2 slime creatures (D:7)
  4 yaks
  The ghost of erthbison the Grasshopper, an amateur GnWr (D:3)
  2 hungry ghosts
  Duvessa (D:6)
  3 water moccasins
  8 orc warriors
  5 porcupines
  A necrophage (D:10)
  A sky beast (D:8)
  2 phantoms
  4 ogres
  2 centaurs (D:9)
  5 crocodiles
  4 big kobolds
  4 bullfrogs (Lair:1)
  A gnoll sergeant (D:7)
  Dowan (D:6)
  A scorpion (D:6)
  A wyvern skeleton (D:4)
  7 killer bees
  4 wights (D:10)
  A howler monkey (D:7)
  2 crimson imps
  A quasit (D:10)
  3 hounds
  9 jellies
  6 orc priests
  7 orc wizards
  3 centaur skeletons
  3 iguanas
  8 worker ants
  A killer bee zombie (D:7)
  2 hound skeletons
  2 howler monkey zombies
  10 adders
  7 gnolls
  A white imp (D:6)
  5 oozes
  2 adder skeletons
  3 worms
  2 dart slugs
  8 leopard geckos
  43 orcs
  4 giant cockroaches
  5 goblins
  4 hobgoblins
  8 jackals
  5 quokkas
  2 ball pythons
  10 bats
  5 frilled lizards
  21 kobolds
  6 rats
  2 fungi
  A plant (D:8)
276 creatures vanquished.

Vanquished Creatures (others)
  9 fungi (D:7)
  5 toadstools (D:7)
14 creatures vanquished.

Grand Total: 290 creatures vanquished

Notes
Turn   | Place    | Note
-------+----------+-------------------------------------------
     0 | D:1      | McKennaii the Draconian Conjurer began the quest for the
                  | Orb.
     0 | D:1      | Reached XP level 1. HP: 14/14 MP: 3/3
   261 | D:1      | Reached XP level 2. HP: 20/20 MP: 0/5
   466 | D:1      | Reached XP level 3. HP: 26/26 MP: 3/6
  1630 | D:2      | Found a sacrificial altar of Ru.
  1640 | D:2      | Reached XP level 4. HP: 33/33 MP: 1/8
  1656 | D:2      | Reached skill level 5 in Conjurations
  1870 | D:2      | Found a blossoming altar of Fedhas.
  2088 | D:2      | Found a hide-covered altar of Uskayaw.
  2099 | D:2      | Found a basalt altar of Yredelemnul.
  2384 | D:3      | Found a faded altar of an unknown god.
  2519 | D:3      | Found a runed translucent gate.
  2519 | D:3      | Found a runed translucent gate.
  2519 | D:3      | Found a runed translucent gate.
  2519 | D:3      | Noticed erthbison's ghost (amateur GnWr)
  3105 | D:4      | Noticed an ogre
  3119 | D:4      | Killed an ogre
  3119 | D:4      | Reached XP level 5. HP: 39/39 MP: 4/10
  3455 | D:4      | Reached XP level 6. HP: 17/46 MP: 11/11
  3657 | D:4      | Found Ruepn's Weapon Shop.
  4222 | D:5      | Entered Level 5 of the Dungeon
  4715 | D:5      | Reached skill level 1 in Fighting
  4936 | D:5      | Your scales start taking on a golden yellow colour.
  4936 | D:5      | Reached XP level 7. HP: 27/52 MP: 14/14
  4936 | D:5      | Gained mutation: You are resistant to acid. (rCorr) [Yellow
                  | Draconian growth]
  5212 | D:5      | Found a burning altar of Makhleb.
  5217 | D:5      | Reached skill level 5 in Spellcasting
  5726 | D:6      | Found an opulent altar of Gozag.
  5898 | D:6      | Learned a level 4 spell: Iskenderun's Mystic Blast
  5903 | D:6      | Learned a level 4 spell: Force Lance
  6178 | D:6      | Noticed Duvessa
  6179 | D:6      | Noticed Dowan
  6292 | D:6      | Killed Duvessa
  6294 | D:6      | Found Ilutyw's Antique Weapon Emporium.
  6433 | D:6      | Killed Dowan
  6542 | D:6      | Reached XP level 8. HP: 51/59 MP: 9/17
  7089 | D:6      | Found a stormy altar of Qazlal.
  7092 | D:6      | Found a bloodstained altar of Trog.
  7336 | D:3      | Killed erthbison's ghost
  7484 | D:7      | Found a staircase to the Ecumenical Temple.
  7492 | Temple   | Entered the Ecumenical Temple
  8517 | D:7      | Got an ichor-stained buckler
  8759 | D:7      | Found a shadowy altar of Dithmenos.
  9075 | D:7      | Noticed a slime creature
  9085 | D:7      | Killed a slime creature
  9085 | D:7      | Reached skill level 1 in Shields
  9085 | D:7      | Reached XP level 9. HP: 66/67 MP: 6/21
  9668 | D:8      | Found a radiant altar of Vehumet.
  9670 | D:8      | Identified Vehumet's Papyrus of Arcane Weapons
  9673 | D:8      | Found an ancient bone altar of Kikubaaqudgha.
  9674 | D:8      | Found a shimmering blue altar of Sif Muna.
  9684 | D:8      | Became a worshipper of Sif Muna the Loreminder
 10059 | D:8      | Found a staircase to the Lair.
 10637 | D:8      | Identified the cursed -3 buckler "Wynir" {+Inv Regen+} (You
                  | found it on level 7 of the Dungeon)
 10882 | D:8      | Found a blossoming altar of Fedhas.
 10972 | D:8      | Reached XP level 10. HP: 42/73 MP: 0/23
 11175 | D:9      | Noticed a two-headed ogre
 11184 | D:9      | Killed a two-headed ogre
 11336 | D:9      | Reached * piety under Sif Muna
 11485 | D:9      | Reached skill level 10 in Spellcasting
 11485 | D:9      | Reached skill level 10 in Conjurations
 11857 | D:9      | Learned a level 3 spell: Gell's Gravitas
 12171 | D:9      | Noticed a two-headed ogre
 12180 | D:9      | Killed a two-headed ogre
 12180 | D:9      | Reached skill level 1 in Translocations
 12547 | D:9      | Found a staircase to the Orcish Mines.
 12756 | D:9      | Found a runed translucent gate.
 12756 | D:9      | Found a runed translucent gate.
 12757 | D:9      | Found a runed translucent gate.
 12759 | D:9      | Noticed FluffierThanThou's ghost (novice MiFi)
 12798 | D:9      | Found a roughly hewn altar of Beogh.
 13187 | D:10     | Entered Level 10 of the Dungeon
 13253 | D:10     | Reached ** piety under Sif Muna
 13867 | D:10     | Found Fait Yla's Assorted Antiques.
 13885 | D:10     | Bought a glass wand for 68 gold pieces
 13885 | D:10     | Bought a scroll labeled LAAQAMN KETUC for 17 gold pieces
 13885 | D:10     | Bought a scroll of teleportation for 51 gold pieces
 14386 | D:11     | Found a runed translucent door.
 14393 | D:11     | Reached XP level 11. HP: 79/79 MP: 6/25
 14628 | D:11     | Found a runed translucent door.
 15013 | D:11     | Found a runed translucent door.
 15023 | D:11     | Noticed Sonja
 15329 | Lair:1   | Entered Level 1 of the Lair of Beasts
 16323 | D:8      | Slain by a blink frog

Levels and vault maps discovered:
D:1:      mainiacjoe_arrival_reflecting_pool, layout_rooms,
          chequers_serial_rivers_large_a
D:2:      layout_rooms, overflow_temple_1_default,
          amethyst_overflow_temple_binary, fedhas_altar_2
D:3:      layout_rooms, chequers_ecumenical_altar_simple_redux,
          ebering_ghost_rock_garden, first_ration
D:4:      layout_loops_ring, serial_shops, nicolae_shop_crystal
D:5:      layout_loops_corners, makhleb_blood_cavern_becter
D:6:      layout_cave_pools, minitemple, serial_shops, shop_statue,
          minmay_fire_ice_demons, uniq_duvessa
D:7:      cheibrodos_fertilizer, layout_basic, lemuel_coloured_pillars_altar,
          temple_fountains
D:8:      layout_basic, grunt_temple_overflow_magic_moments, old_standard_altar,
          minmay_lair_entry_grove
D:9:      lemuel_flame_loot_2, layout_basic, minmay_orc_entry_temple_small,
          gammafunk_ghost_spectres
D:10:     layout_gridville, serial_shops, shop_coins, grunt_pizzeria,
          minmay_misc_feat_tower
D:11:     layout_cave_pools, minmay_statue_crystal_thing, uniq_sonja
Temple:   zaba_magenta_temple
Lair:1:   layout_cave_pods

Skill      XL: |  1  2  3  4  5  6  7  8  9 10 11 |
---------------+----------------------------------+-----
Dodging        | 2 3 4 |  4.0
Stealth        | 2 3 |  3.5
Conjurations   | 5 6 7 9 10 11 | 11.4
Spellcasting   | 3 4 6 8 9 10 11 | 11.2
Fighting       | 1 2 |  2.6
Shields        | 1 2 3 4 |  4.0
Translocations | 1 2 |  2.5

Action                   |  1- 3 |  4- 6 |  7- 9 | 10-12 || total
-------------------------+-------+-------+-------+-------++-------
Melee: Unarmed           |    66 |    11 |       |       ||    77
       Tailslap          |     3 |       |     4 |       ||     7
       Staff             |       |       |    33 |     3 ||    36
 Cast: Magic Dart        |    88 |   180 |   175 |    79 ||   522
       Iskenderun's Myst |       |       |   117 |   155 ||   272
 Abil: Breathe Acid      |       |       |    14 |    11 ||    25
Evoke: Wand              |       |       |     1 |       ||     1
  Use: Scroll            |     5 |     3 |     7 |     3 ||    18
       Potion            |       |     1 |       |     1 ||     2
 Stab: Invisible         |       |     1 |       |       ||     1
  Eat: Chunk             |     3 |    11 |    18 |    16 ||    48
       Ration            |       |       |     4 |     1 ||     5
Armor: Skin              |    55 |    14 |    30 |    26 ||   125
Dodge: Dodged            |    98 |    53 |    81 |    62 ||   294
Block: Buckler           |       |       |       |     6 ||     6
